 Dungeon Crawl Stone Soup version 0.29-a0-362-g5854e031c7 (webtiles) character file.

Game seed: 13529185530397950195

4892 ytrimaz the Slicer (level 10, -1/73 (77) HPs)
             Began as a Demonspawn Fighter on Apr 29, 2022.
             Was a Priest of Ru.
             Slain by Grum
             ... wielding a +0 halberd
              (22 damage)
             ... on level 9 of the Dungeon.
             The game lasted 00:13:07 (12042 turns).

ytrimaz the Slicer (Demonspawn Fighter)            Turns: 12042, Time: 00:13:07

HP:   -1/73 (77)    AC: 13    Str: 19 (21) XL:     10   Next: 26%
MP:   10/10         EV:  5    Int: 10      God:    Ru [***...]
Gold: 470           SH: 11    Dex: 12      Spells: 9/9 levels left

rFire   . . .      SeeInvis .   a - +0 rapier
rCold   . . .      Faith    .   c - +0 buckler
rNeg    . . .      Spirit   .   e - +0 plate armour
rPois   .          Reflect  +   (no helmet)
rElec   .          Harm     .   (no cloak)
rCorr   .          Rampage  .   s - +1 Delatra's gloves {ID++}
Will    .....                   f - +0 pair of boots
Stlth   ..........              k - amulet of reflection
HPRegen 0.22/turn               (no ring)
MPRegen 0.12/turn               (no ring)

@: mighty, exhausted, drained
A: thin metallic scales 1, demonic guardian 1, powered by pain 1, inability to
use devices, reduced AC 1, weakness stinger 2, claws 1, MP-powered wands
a: Renounce Religion, Draw Out Power


You were on level 9 of the Dungeon.
You worshipped Ru.
Ru was most pleased with you.
You visited 2 branches of the dungeon, and saw 10 of its levels.

You collected 470 gold pieces.

Inventory:

Hand Weapons
 a - a +0 rapier (weapon)
Armour
 c - a +0 buckler (worn)
 e - a +0 plate armour (worn)
 f - a +0 pair of boots (worn)
 s - the +1 Delatra's gloves (worn) {ID++}
   (You found it on level 3 of the Dungeon)

   It heals its wearer when they drink unknown potions.
   It restores its wearer's MP when they read unknown scrolls.
Jewellery
 k - an amulet of reflection (around neck)
Scrolls
 b - a scroll of silence
 g - a scroll of fear
 i - a scroll of blinking
 l - 6 scrolls of teleportation
 m - 2 scrolls of identify
 n - a scroll of fog
 o - 2 scrolls of magic mapping
 r - 7 scrolls of enchant armour
 v - a scroll of noise
 w - 2 scrolls of vulnerability
 y - a scroll of amnesia
Potions
 d - a potion of might
 h - 2 potions of invisibility
 j - 2 potions of brilliance
 p - 3 potions of curing
 z - a potion of lignification
 A - a potion of flight


   Skills:
 + Level 6.4 Fighting
 + Level 8.7 Short Blades
 + Level 7.2 Armour
 + Level 7.6 Shields


You had 9 spell levels left.
You didn't know any spells.
Your spell library contained the following spells:

 Spells                   Type           Power      Damage    Failure   Level
 Animate Skeleton         Necr           0%         N/A       100%        1
 Apportation              Tloc           0%         N/A       100%        1
 Magic Dart               Conj           0%         1d3       100%        1
 Summon Small Mammal      Summ           0%         N/A       100%        1
 Ensorcelled Hibernation  Hex/Ice        0%         N/A       100%        2
 Searing Ray              Conj           0%         2d4       100%        2
 Spider Form              Tmut/Pois      0%         N/A       100%        3
 Summon Guardian Golem    Hex/Summ       0%         N/A       100%        3
 Anguish                  Hex/Necr       0%         N/A       100%        4
 Fulminant Prism          Conj/Hex       0%         3d6       100%        4
 Fireball                 Conj/Fire      0%         3d3       100%        5
 Starburst                Conj/Fire      0%         6d3       100%        6
 Orb of Destruction       Conj           0%         9d5       100%        7
 Spellforged Servitor     Conj/Summ      0%         N/A       100%        7
 Ignition                 Fire           0%         3d3       100%        8


Dungeon Overview and Level Annotations

Branches:
Dungeon (9/15)             Temple (1/1) D:4            Lair (0/6) D:8
    Orc: D:9-12

Altars:
Ashenzari
Cheibriados
Dithmenos
Elyvilon
Fedhas
Gozag
Hepliaklqana
Makhleb
Nemelex Xobeh
Okawaru
Qazlal
Ru
Sif Muna
Trog
Uskayaw
Vehumet
Wu Jian
Xom
Yredelemnul
Zin
The Shining One

Shops:
D:1 =**

Annotations:
D:9 Grum


Innate Abilities, Weirdness & Mutations

You are partially covered in thin metallic scales. (AC +2)
A weak demonic guardian rushes to your aid.
You sometimes gain a little power by taking damage.
You cannot study or use magical devices.
You take slightly more damage. (AC -5)
You have a tail ending in a sharp stinger.
You have sharp fingernails.
You expend magic power (3 MP) to strengthen your wands.


Message History

The wolf attacks as you move away! The wolf bites you but does no damage.
You block the wolf's attack. The wolf barely misses you.
As you open the door, it creaks loudly! The wolf closely misses you.
You redirect the wolf's attack!
The wolf completely misses itself.
The wolf attacks as you move away!
The wolf bites you but does no damage. x2
There is an open door here.
You feel mightier all of a sudden. You block the wolf's attack.
The wolf closely misses you. You block the wolf's attack.
You closely miss the wolf.
Your tail-slap misses the wolf.
The wolf bites you.
You focus your inner power and illuminate the wolf in retribution!
You block the wolf's attack. x2
You miss the wolf. The wolf bites you.
* * * LOW HITPOINT WARNING * * *
You block the wolf's attack. You block Grum's attack.
The wolf bites you but does no damage.
Unknown command.
You are restored by drawing out deep reserves of power within.
You feel drained. You block the wolf's attack. The wolf bites you.
Grum hits you from afar with a +0 halberd!
The wolf bites you.
* * * LOW HITPOINT WARNING * * *
Unknown command.
You barely miss the wolf. You block the wolf's attack. x2
Grum hits you but does no damage. The wolf bites you but does no damage.
You closely miss the wolf.
Your tail-slap misses the wolf.
The wolf bites you but does no damage. You block the wolf's attack.
The wolf bites you.
* * * LOW HITPOINT WARNING * * *
Grum hits you but does no damage.
You miss the wolf.
Your tail-slap misses the wolf.
The wolf bites you but does no damage.
You redirect the wolf's attack!
The wolf bites itself.
You hit the wolf but do no damage. The wolf bites you but does no damage.
You block the wolf's attack.
Grum hits you from afar with a +0 halberd!!
You die...

.<.....# ......
####.....####......
.....#..#..............####
.....#..#..............#..#
.....+..#..............#..#
.....#..'..............##'#
....?#..#......gh......#..#######
.....#..#.....##h#.....#.........
....##..#######h@#.....#.........
....'.........#..+.....#.........
....#.........#..#.....#.........
....#........#####.....#..###....
....#...######.........#..###....
....#...###..#.........#.<..#....
....#........+.........#....#....
....#........#.....)...#....#....
....#######..#.....)...#).).#....


You could see Grum and 3 wolves.

Vanquished Creatures
  A boulder beetle (D:8)
  A troll (D:8)
  Sigmund (D:4)
  A yak (D:8)
  2 wyverns
  A water moccasin (D:7)
  An orc warrior (D:9)
  Pargi (D:4)
  4 sky beasts
  An ice beast (D:8)
  An ogre (D:5)
  2 black bears
  2 centaurs (D:8)
  2 wolves (D:8)
  2 phantoms
  A kobold brigand (D:9)
  3 bullfrogs (D:8)
  A necrophage (D:4)
  2 gnoll sergeants
  A scorpion (D:7)
  5 wights (D:7)
  5 killer bees
  2 electric eels (D:8)
  6 howler monkeys
  9 hounds
  2 orc priests
  2 iguanas (D:4)
  6 orc wizards
  Robin (D:4)
  9 gnolls
  9 adders
  A shadow imp (D:8)
  2 white imps
  3 ufetubi
  4 worms
  A dart slug (D:4)
  20 orcs
  5 ball pythons
  12 endoplasms
  5 giant cockroaches
  14 goblins
  12 hobgoblins
  5 jackals
  15 kobolds
  5 quokkas
  4 bats (D:2)
  4 frilled lizards
  11 rats
210 creatures vanquished.

Vanquished Creatures (others)
  A gnoll (D:6)
  An orc (D:7)
2 creatures vanquished.

Grand Total: 212 creatures vanquished

Notes
Turn   | Place    | Note
-------+----------+-------------------------------------------
     0 | D:1      | ytrimaz the Demonspawn Fighter began the quest for the Orb.
     0 | D:1      | Reached XP level 1. HP: 18/18 MP: 1/1
     1 | D:1      | Found a runed translucent door.
    70 | D:1      | Found Wugaag's Jewellery Shoppe.
   428 | D:1      | Gained mutation: You sometimes gain a little power by
                  | taking damage. [demonic ancestry]
   428 | D:1      | Reached XP level 2. HP: 24/24 MP: 2/2
   576 | D:1      | Reached skill level 2 in Short Blades
   774 | D:1      | Found Figeex's Assorted Antiques.
  1021 | D:1      | Found Nuant's General Store.
  1126 | D:1      | Reached XP level 3. HP: 18/29 MP: 3/3
  1737 | D:2      | Gained mutation: You have a small tail. [demonic ancestry]
  1737 | D:2      | Reached XP level 4. HP: 29/35 MP: 4/4
  2294 | D:2      | Reached skill level 3 in Short Blades
  2299 | D:2      | Found a faded altar of an unknown god.
  3301 | D:3      | Found the +1 Delatra's gloves {ID++}
  3312 | D:3      | Reached XP level 5. HP: 17/41 MP: 5/5
  3954 | D:3      | Reached skill level 4 in Short Blades
  3954 | D:3      | Gained mutation: You are partially covered in thin metallic
                  | scales. (AC +2) [demonic ancestry]
  3954 | D:3      | Reached XP level 6. HP: 4/48 MP: 6/6
  4382 | D:4      | Noticed Sigmund
  4670 | D:4      | Noticed Pargi
  4721 | D:4      | Killed Pargi
  4975 | D:4      | Found a staircase to the Ecumenical Temple.
  4987 | Temple   | Entered the Ecumenical Temple
  5559 | Temple   | Became a worshipper of Ru the Awakened
  5649 | D:4      | Gained mutation: You have a tail ending in a sharp stinger.
                  | [demonic ancestry]
  5649 | D:4      | Reached XP level 7. HP: 48/54 MP: 7/7
  5830 | D:4      | Killed Sigmund
  5895 | D:4      | Noticed Robin
  5922 | D:4      | Reached skill level 5 in Short Blades
  5949 | D:4      | Killed Robin
  6511 | D:5      | Entered Level 5 of the Dungeon
  6545 | D:5      | Reached skill level 5 in Shields
  6794 | D:5      | Reached XP level 8. HP: 48/61 MP: 8/8
  7269 | D:5      | Gained mutation: You cannot study or use magical devices.
                  | [Ru sacrifice]
  7269 | D:5      | Reached * piety under Ru
  7269 | D:5      | Reached ** piety under Ru
  7283 | D:5      | Reached skill level 5 in Armour
  8292 | D:7      | Reached skill level 6 in Short Blades
  8646 | D:7      | Reached skill level 5 in Fighting
  8848 | D:7      | Gained mutation: A weak demonic guardian rushes to your
                  | aid. [demonic ancestry]
  8848 | D:7      | Reached XP level 9. HP: 49/67 MP: 9/9
  9549 | D:7      | Reached skill level 7 in Short Blades
 10055 | D:8      | Noticed a troll
 10108 | D:8      | Found a staircase to the Lair.
 10127 | D:8      | Gained mutation: You expend magic power (3 MP) to
                  | strengthen your wands. [potion of mutation]
 10127 | D:8      | Gained mutation: You have sharp fingernails. [potion of
                  | mutation]
 10137 | D:8      | Killed a troll
 10524 | D:8      | Found an ornate altar of the Wu Jian Council.
 10524 | D:8      | Noticed a boulder beetle
 10555 | D:8      | Reached skill level 8 in Short Blades
 10615 | D:8      | Killed a boulder beetle
 10616 | D:8      | Reached XP level 10. HP: 29/76 MP: 10/10
 11140 | D:8      | Gained mutation: You take slightly more damage. (AC -5) [Ru
                  | sacrifice]
 11140 | D:8      | Reached *** piety under Ru
 12010 | D:9      | Noticed Grum
 12042 | D:9      | Slain by Grum

Illustrated notes

Levels and vault maps discovered:
D:1:      dpeg_arrival_caged_fury, layout_loops_corners, serial_shops,
          nicolae_shop_hallway_stairs, nicolae_shop_waterfront, shop,
          minmay_3d_cube
D:2:      layout_loops_ring, shapermc_ecumenical_altar_mp_highgroup,
          grunt_ministairs_2, minmay_tromino_v7
D:3:      layout_basic, pf_guarded_unrand_delatra
D:4:      cheibrodos_helix_gallery, layout_cave_pools,
          minmay_temple_entry_stoned_glass, uniq_pargi, uniq_robin, uniq_sigmund
D:5:      layout_rooms
D:6:      layout_rooms, grunt_decor_junction
D:7:      layout_layer_cave, serial_bayou_pond_a
D:8:      layout_loops_ring, erik_lair_island, grunt_ministairs_4,
          minmay_ruined_shrine
D:9:      layout_gridville, minmay_holes, uniq_grum
Temple:   mainiacjoe_temple_starburst

Skill      XL: |  1  2  3  4  5  6  7  8  9 |
---------------+----------------------------+-----
Short Blades   | 2 3 4 5 6 8 |  8.7
Armour         | 3 4 5 7 |  7.2
Shields        | 3 4 5 6 7 |  7.6
Fighting       | 4 5 6 |  6.4

Action                   |  1- 3 |  4- 6 |  7- 9 | 10-12 || total
-------------------------+-------+-------+-------+-------++-------
Melee: Rapier            |   150 |   239 |   563 |   153 ||  1105
       Tailslap          |       |    29 |   100 |    17 ||   146
Invok: Sacrifice Artific |       |       |     1 |       ||     1
       Draw Out Power    |       |       |       |     1 ||     1
       Sacrifice Health  |       |       |       |     1 ||     1
  Use: Scroll            |     2 |     3 |     2 |     8 ||    15
       Potion            |       |     2 |    12 |     1 ||    15
 Stab: Distracted        |       |       |     1 |       ||     1
Armor: Scale mail        |    63 |   139 |    17 |       ||   219
       Plate armour      |       |       |   342 |    68 ||   410
Dodge: Dodged            |    38 |   125 |   126 |    29 ||   318
Block: Buckler           |    42 |   188 |   328 |    86 ||   644
       Reflection        |       |     5 |       |       ||     5

Table legend: (Time is in decaauts)
 A = Elapsed time spent in this place.
 B = Non-inter-level travel time spent in this place.
 C = Inter-level travel time spent in this place.
 D = Time resting spent in this place.
 E = Time spent auto-exploring this place.
 F = Levels seen in this place.
 G = Mean time per level.
                   A        B        C        D        E       F      G
               +--------+--------+--------+--------+--------+-----+--------+
         Total |  12022 |  11575 |    447 |    855 |   8649 |  10 | 1202.2 |
       Dungeon |  11392 |  11047 |    345 |    855 |   8133 |   9 | 1265.8 |
        Temple |    630 |    528 |    102 |      0 |    516 |   1 |  630.0 |
               +--------+--------+--------+--------+--------+-----+--------+

Top non-repeatable levels by time:
     D:3: 1889 daAuts
     D:7: 1822 daAuts
     D:8: 1546 daAuts
     D:4: 1506 daAuts
     D:1: 1309 daAuts
     D:2: 1237 daAuts
     D:5: 1068 daAuts
     D:6: 633 daAuts
  Temple: 630 daAuts
     D:9: 378 daAuts
